 Dungeon Crawl Stone Soup version 0.32-a0-968-g61e5eb5241 (webtiles) character file.

Game seed: 6451637154221607193

112 GeoRichter the Apothecary (level 4, -10/30 HPs)
             Began as a Demonspawn Alchemist on Apr 18, 2024.
             Killed by divine providence
             ... invoked by an orc priest
              (12 damage)
             ... on level 3 of the Dungeon.
             The game lasted 00:03:06 (2122 turns).

GeoRichter the Apothecary (Demonspawn Alchemist)    Turns: 2122, Time: 00:03:07

Health: -10/30     AC:  9    Str:  9    XL:     4   Next: 64%
Magic:  1/7        EV: 11    Int: 23    God:
Gold:   38         SH:  0    Dex: 19    Spells: 6/7 levels left

rFire   . . .        l - +2 whip (elec)
rCold   . . .        (no shield)
rNeg    . . .        a - +0 robe
rPois   .            (no helmet)
rElec   .            (no cloak)
rCorr   .            m - +0 pair of gloves
SInv    .            (no boots)
Will    .....        (no amulet)
Stlth   ++           o - +6 ring of dexterity
HPRegen 0.25/turn    k - +6 ring of intelligence
MPRegen 0.10/turn

%: no passive effects
@: sanguine armoured
A: hooves 1, sanguine armour 1, demonic magic 1
a: Convert to Beogh


You were on level 3 of the Dungeon.
You visited 1 branch of the dungeon, and saw 3 of its levels.

You collected 38 gold pieces.

Inventory:

Hand Weapons
 l - a +2 whip of electrocution (weapon)
   (You took it off a kobold on level 2 of the Dungeon)
Armour
 a - a +0 robe (worn)
 m - a +0 pair of gloves (worn)
   (You found it on level 2 of the Dungeon)
Jewellery
 k - a +6 ring of intelligence (right hand)
   (You found it on level 2 of the Dungeon)
 o - a +6 ring of dexterity (left hand)
   (You found it on level 2 of the Dungeon)
Scrolls
 c - 2 scrolls of identify {unknown}
 d - 4 scrolls of noise {unknown}
 e - a scroll of vulnerability {!r}
 f - a scroll of revelation {unknown}
 i - a scroll of enchant armour {unknown}
 n - a scroll of teleportation {unknown}
Potions
 b - 2 potions of heal wounds {unknown}
 g - a potion of mutation {unknown}
 h - a potion of curing {unknown}
 j - a potion of might {unknown}
 p - 2 potions of lignification {unknown}


   Skills:
 - Level 1.7 Dodging
 - Level 1.7 Stealth
 - Level 2.0 Spellcasting
 - Level 1.0 Conjurations
 * Level 5.4 Alchemy


You had 6 spell levels left.
You knew the following spells:

 Your Spells              Type           Power      Damage    Failure   Level
a - Sting                 Conj/Alch      68%        1d7       3%          1

Your spell library contained the following spells:

 Spells                   Type           Power      Damage    Failure   Level
 Mercury Vapours          Alch/Air       28%        N/A       6%          2
 Olgreb's Toxic Radiance  Alch           27%        N/A       14%         4
 Mephitic Cloud           Conj/Alch/Air  12%        N/A       16%         3
 Frozen Ramparts          Ice            4%         1d1       36%         3
 Ozocubu's Armour         Ice            2%         N/A       36%         3
 Sticky Flame             Fire/Alch      14%        2d5       38%         4
 Metabolic Englaciation   Hex/Ice        1%         N/A       98%         5


Dungeon Overview and Level Annotations

Branches:
Dungeon (3/15) Zot: 15879

Altars:
Sif Muna


Innate Abilities, Weirdness & Mutations

You have large cloven feet.
When seriously injured, your blood forms armour. (AC +6)
Spells you cast may paralyse adjacent enemies.


Message History

Aiming: Sting (safe; 3% risk of failure)
Press: ? - help, Q - select action Shift-Dir - straight line, f - orc
Aim: an orc, wielding a +0 flail (74% to hit)
The sting hits the orc.
The orc is poisoned.
The orc is almost dead.
Malevolent energies surge around you.
An orc priest comes into view. It is wielding a +0 dagger.
The orc closely misses you.
Aiming: Sting (safe; 3% risk of failure)
Press: ? - help, Q - select action Shift-Dir - straight line, f/p - orc
Aim: an orc, wielding a +0 flail (almost dead, poisoned, 74% to hit)
The sting hits the orc.
The orc looks even sicker.
You kill the orc!
Malevolent energies surge around you.
The orc priest miscasts a cantrip.
Aiming: Sting (safe; 3% risk of failure)
Press: ? - help, Q - select action Shift-Dir - straight line, f - orc
Aim: an orc, wielding a +0 short sword (74% to hit)
The sting hits the orc.
The orc is poisoned.
The orc is heavily wounded.
Malevolent energies surge around you. The orc barely misses you.
You don't have enough magic to cast this spell.
Unknown command.
You barely miss the orc.
The orc is heavily wounded.
The orc priest calls upon Beogh to heal the orc.
The orc's wounds heal themselves!
The orc hits you with a +0 short sword.
You closely miss the orc. Your kick misses the orc.
The orc priest mumbles some strange prayers to Beogh against you.
Beogh smites you!
* * * LOW HITPOINT WARNING * * *
The orc closely misses you.
Okay, then.
You closely miss the orc. The orc hits you with a +0 short sword.
* * * LOW HITPOINT WARNING * * *
You completely miss the orc. Your kick misses the orc.
The orc closely misses you.
You barely miss the orc. You kick the orc.
The orc is severely wounded.
You kill the orc!
You hit the orc priest. You kick the orc priest.
The orc priest is moderately wounded.
The orc priest closely misses you.
You hit the orc priest but do no damage.
Your kick misses the orc priest.
The orc priest is moderately wounded.
The orc priest invokes the aid of Beogh against you.
Beogh smites you!
You die...

..†.....##.....#
..#._.#.##.....#
>.......##.....#
<....#####.....#
.....# ###.###
.>...# #.#
.....# #.#
######
#.########.##
#....@o......
##########)##


You could see an orc priest.

Vanquished Creatures
  An orc priest (D:3)
  3 adders (D:2)
  2 dart slugs (D:2)
  A ribbon worm (D:2)
  2 orcs (D:3)
  6 endoplasms
  A giant cockroach (D:1)
  3 goblins (D:1)
  3 hobgoblins
  7 jackals (D:1)
  3 kobolds
  A quokka (D:1)
  7 ball pythons
  A bat (D:3)
  4 frilled lizards (D:1)
  2 rats
47 creatures vanquished.

Notes
Turn   | Place    | Note
-------+----------+-------------------------------------------
     0 | D:1      | GeoRichter the Demonspawn Alchemist began the quest for the
                  | Orb.
     0 | D:1      | Reached XP level 1. HP: 13/13 MP: 3/3
   352 | D:1      | Gained mutation: Spells you cast may paralyse adjacent
                  | enemies. [demonic ancestry]
   352 | D:1      | Reached XP level 2. HP: 19/19 MP: 0/5
   781 | D:1      | Found a faded altar of an unknown god.
   788 | D:1      | Reached skill level 4 in Alchemy
  1000 | D:1      | Gained mutation: When seriously injured, your blood forms
                  | armour. (AC +6) [demonic ancestry]
  1000 | D:1      | Reached XP level 3. HP: 24/24 MP: 2/6
  1642 | D:2      | Gained mutation: You have large cloven feet. [demonic
                  | ancestry]
  1642 | D:2      | Reached XP level 4. HP: 30/30 MP: 0/7
  1824 | D:2      | Found a shimmering blue altar of Sif Muna.
  1980 | D:2      | Reached skill level 5 in Alchemy
  2118 | D:3      | HP: 1/30 [orc/+0 short sword (4)]
  2122 | D:3      | Killed from afar by an orc priest

Illustrated notes

Levels and vault maps discovered:
D:1:      dpeg_arrival_round_a, layout_basic,
          hellmonk_ecumenical_altar_slurped_away
D:2:      layout_rooms, basic_altar
D:3:      layout_basic, mainiacjoe_overflow_tiny_flanked, serial_shops,
          nicolae_square_shop, minmay_starry_boxes, uniq_jessica,
          uniq_crazy_yiuf_cottage

Skill      XL: |  1  2  3  4 |
---------------+-------------+-----
Alchemy        | 4 5 |  5.4
Dodging        | |  1.7
Stealth        | |  1.7
Spellcasting   | |  2.0
Conjurations   | |  1.0

Action                     |  1- 3 |  4- 6 || total
---------------------------+-------+-------++-------
  Melee: Unarmed           |     6 |       ||     6
         Dagger            |    11 |       ||    11
         Whip              |     8 |     7 ||    15
         Kick              |       |     2 ||     2
   Cast: Sting             |    75 |    12 ||    87
    Use: Potion            |     1 |       ||     1
         Scroll            |     1 |       ||     1
   Stab: Paralysed         |     4 |       ||     4
 Armour: Robe              |    23 |     3 ||    26
  Dodge: Dodged            |    17 |     5 ||    22

Table legend: (Time is in decaauts)
 A = Elapsed time spent in this place.
 B = Non-inter-level travel time spent in this place.
 C = Inter-level travel time spent in this place.
 D = Time resting spent in this place.
 E = Time spent auto-exploring this place.
 F = Levels seen in this place.
 G = Mean time per level.
                   A        B        C        D        E       F      G
               +--------+--------+--------+--------+--------+-----+--------+
         Total |   2119 |   2059 |     60 |     34 |   1675 |   3 |  706.3 |
       Dungeon |   2119 |   2059 |     60 |     34 |   1675 |   3 |  706.3 |
               +--------+--------+--------+--------+--------+-----+--------+

Top non-repeatable levels by time:
     D:1: 1287 daAuts
     D:2: 772 daAuts
     D:3: 60 daAuts
